AoeStats
← Exotic Pixel

Arena

505132109Analyzed
2v2 RM · 25d ago on Sep 8, 2026· 58m 47s· 4 players
Game mode
Random Map
Map size
Medium (4 player)
Population
200
Speed
Normal
Resources
Standard
Victory
Conquest
Starting age
Dark Age
Ending age
Imperial Age
RankedLock teamsTeams togetherTeam positionsShared explorationLock speedFull tech treeHidden civsTurbo modeCheats
Victory
Defeat
🇧🇷 Persians · Brazil
981
+14
🇧🇷 Goths · Brazil
976
+14
🇦🇷 Turks · Argentina
976
-15
🇦🇷 Bulgarians · Argentina
902
-13
Exotic Pixel
8:45 Loom
11:41 Feudal Age
15:34 Castle Age
17:43 Padded Archer Armor
18:03 Gold Mining
19:54 Leather Archer Armor
20:06 Double-Bit Axe
21:28 Fletching
28:40 Bow Saw
38:59 Imperial Age
43:50 Heavy Scorpion
WAARAYA
8:02 Loom
10:58 Feudal Age
11:35 Stone Mining
12:23 Wheelbarrow
11:40 Double-Bit Axe
12:07 Horse Collar
16:22 Gold Mining
22:55 Castle Age
21:43 Bloodlines
21:59 Forging
21:56 Scale Barding Armor
21:55 Padded Archer Armor
24:24 Hand Cart
23:36 Light Cavalry
24:18 Husbandry
25:48 Heavy Plow
26:20 Bow Saw
32:13 Gold Shaft Mining
31:44 Stirrups
35:31 Pikeman
38:53 Ballistics
39:14 Chain Barding Armor
39:30 Iron Casting
39:42 Leather Archer Armor
43:12 Imperial Age
42:01 Squires
41:47 Gambesons
43:09 Masonry
42:50 Heated Shot
42:59 Murder Holes
43:43 Elite Konnik
48:19 Blast Furnace
48:39 Halberdier
51:05 Hussar
53:39 Plate Barding Armor
GaTTo
0:26 Loom
11:09 Feudal Age
12:18 Wheelbarrow
15:51 Castle Age
14:01 Double-Bit Axe
14:00 Horse Collar
17:11 Stone Mining
18:40 Wheelbarrow
22:07 Gold Mining
30:23 Imperial Age
28:41 Hand Cart
28:13 Town Watch
28:48 Heavy Plow
29:14 Town Patrol
30:06 Scale Barding Armor
30:33 Kamandaran
30:12 Cavalier
31:45 Husbandry
31:56 Bloodlines
32:10 Chain Barding Armor
32:21 Bow Saw
32:44 Crop Rotation
33:10 Forging
34:36 Plate Barding Armor
37:17 Coinage
37:33 Iron Casting
38:12 Gold Shaft Mining
38:01 Savar
40:14 Conscription
42:00 Blast Furnace
41:51 Fletching
41:28 Crossbowman
42:13 Thumb Ring
42:19 Padded Archer Armor
41:44 Light Cavalry
43:39 Two-Man Saw
43:09 Kamandaran
43:32 Bodkin Arrow
45:31 Hussar
47:26 Chemistry
46:53 Ballistics
DirtyDog
11:02 Feudal Age
12:36 Double-Bit Axe
15:18 Castle Age
13:04 Horse Collar
14:06 Fletching
15:53 Loom
17:45 Stone Mining
18:11 Padded Archer Armor
18:38 Elite Skirmisher
24:29 Bodkin Arrow
28:43 Scale Mail Armor
34:08 Wheelbarrow
36:34 Gold Mining
37:59 Hand Cart
38:10 Heavy Plow
42:05 Imperial Age
40:25 Anarchy
40:29 Squires
41:25 Bow Saw
41:46 Leather Archer Armor
42:45 Chain Mail Armor
43:12 Conscription
42:58 Bracer
43:35 Crop Rotation
44:22 Perfusion
43:45 Pikeman
44:45 Elite Huskarl
45:47 Forging
45:33 Town Watch
47:08 Iron Casting
45:58 Halberdier
47:17 Town Patrol
47:57 Ring Archer Armor
50:09 Blast Furnace
53:21 Two-Man Saw
56:22 Sappers
58:47 Ballistics
Connection lost

Rejoining the realm…

Still unreachable

The connection could not be restored.

Session expired

The server has moved on; the page needs a fresh start.